Map: Cerulean Fall LE

Players

Future

  • Race: Terran Terran
  • League: Grandmaster
  • Spawn Location: 1:00

SpeCial - Winner!

  • Race: Terran Terran
  • Spawn Location: 7:00

Event: Cheeseadelphia 8

VOD

Have the link to the VOD?

Description

Time

  • Played on: Dec. 9, 2018, 4:43 p.m.
  • Length: 10:02

All games in this series

Show
View Real Time Build Order
Export as new Build Order

Future Terran 

Build Orders: Gas First Reaper Expand, Mech 

Get SALT Encoding   

  12  0:00  SCV  
  13  0:12  SCV  
  14  0:17  Supply Depot  
  14  0:24  SCV  
  15  0:29  Refinery  
  15  0:39  SCV  
  16  0:45  Barracks  
  16  0:51  SCV  
  17  1:03  SCV  
  18  1:15  SCV  
  19  1:32  Reaper, Orbital Command  
  20  1:51  Command Center  
  20  1:59  Factory  
  20  2:02  SCV  
  20  2:07  Barracks Reactor  
  21  2:13  Refinery  
  21  2:14  SCV  
  22  2:19  Supply Depot  
  22  2:26  SCV  
  23  2:40  SCV  
  23  2:43  Starport  
  24  2:49  Hellion x2  
  28  2:53  SCV  
  29  3:03  Orbital Command  
  29  3:05  SCV  
  30  3:11  Hellion  
  32  3:14  Hellion  
  32  3:17  SCV  
  35  3:22  Medivac  
  35  3:24  Barracks Tech Lab  
  37  3:29  SCV  
  37  3:30  SCV  
  39  3:38  Supply Depot  
  40  3:41  SCV  
  40  3:43  SCV  
  41  3:48  Siege Tank  
  41  3:49  Marine x2  
  46  3:57  Starport Tech Lab  
  46  4:00  SCV x2  
  46  4:02  Supply Depot  
  48  4:04  Supply Depot  
  48  4:08  Marine x2  
  50  4:12  SCV x2  
  51  4:18  Raven  
  51  4:24  SCV x2  
  55  4:26  Marine x2  
  55  4:28  Cyclone  
  60  4:40  SCV  
  60  4:45  Marine  
  60  4:46  Marine  
  60  4:49  SCV  
  60  4:52  SCV  
  62  4:59  Refinery  
  60  5:00  Refinery  
  60  5:02  Command Center  
  58  5:07  SCV  
  58  5:11  SCV  
  60  5:15  Marine x2  
  60  5:19  SCV  
  63  5:23  SCV  
  64  5:30  Siege Tank  
  64  5:31  SCV  
  64  5:32  Supply Depot  
  64  5:35  SCV  
  69  5:43  SCV  
  70  5:51  Supply Depot  
  70  5:53  Viking x2, SCV  
  70  5:54  Marine  
  70  5:55  Supply Depot, SCV  
  75  6:05  SCV  
  75  6:07  SCV  
  75  6:08  Siege Tank  
  72  6:13  Supply Depot  
  72  6:18  SCV  
  73  6:19  SCV  
  73  6:23  Viking x2, Marine  
  79  6:30  SCV  
  79  6:32  Armory, SCV  
  81  6:33  Armory  
  81  6:34  Orbital Command  
  81  6:43  SCV  
  81  6:44  SCV  
  81  6:45  Siege Tank  
  87  6:53  Viking  
  89  6:55  Refinery, SCV  
  89  6:56  Refinery, SCV  
  89  7:04  SCV  
  89  7:05  Factory  
  89  7:08  Factory, SCV  
  91  7:12  Barracks Reactor  
  91  7:13  SCV  
  92  7:16  SCV  
  92  7:17  Siege Tank  
  92  7:20  Viking, SCV  
  94  7:25  SCV  
  94  7:28  SCV  
  96  7:32  SCV  
  94  7:37  SCV  
  94  7:40  SCV  
  94  7:43  Viking  
  97  7:44  SCV  
  97  7:45  Terran Vehicle Weapons Level 1  
  97  7:46  Terran Vehicle And Ship Armor Level 1  
  97  7:49  SCV  
  97  7:50  Viking  
  100  7:52  SCV  
  100  7:54  Engineering Bay  
  100  7:56  SCV  
  100  7:58  Supply Depot  
  102  8:01  SCV  
  102  8:04  SCV  
  102  8:05  Siege Tank x2  
  110  8:06  Hellion  
  110  8:08  Hellion  
  110  8:12  Supply Depot  
  114  8:15  Supply Depot  
  113  8:22  Barracks Tech Lab  
  113  8:23  Barracks Reactor  
  113  8:25  Factory  
  113  8:27  Factory  
  113  8:33  Hellion x2  
  117  8:37  Siege Tank  
  117  8:38  Infernal Pre-Igniter  
  119  8:45  Command Center  
  116  8:48  Siege Tank  
  119  8:57  Viking x2  
  121  9:08  Hellion x2  
  99  9:17  Factory Tech Lab  
  99  9:18  Supply Depot  
  99  9:23  Siege Tank  
  102  9:27  Viking x2  
  100  9:33  Hellion x3  
  100  9:34  Hellion  
  96  9:41  SCV x2  
Show
View Real Time Build Order
Export as new Build Order

SpeCial Terran - Winner!

Build Orders: Banshee Rush 

Get SALT Encoding   

  12  0:00  SCV  
  13  0:13  SCV  
  14  0:17  Supply Depot  
  14  0:25  SCV  
  15  0:39  SCV  
  15  0:41  Barracks  
  16  0:44  Refinery  
  16  0:51  SCV  
  17  1:03  SCV  
  18  1:15  SCV  
  19  1:28  Marine, Orbital Command  
  20  1:43  Command Center  
  20  1:55  Factory  
  20  1:58  SCV  
  21  2:02  Marine  
  22  2:10  Supply Depot  
  22  2:12  SCV  
  23  2:16  Refinery  
  23  2:20  Barracks Tech Lab  
  23  2:31  SCV  
  24  2:38  Hellion  
  24  2:41  Starport  
  24  2:43  SCV  
  27  2:45  Marine  
  28  2:55  SCV  
  28  2:56  Orbital Command  
  29  3:00  Widow Mine  
  29  3:03  Marine  
  32  3:07  SCV  
  33  3:18  Cloaking Field  
  33  3:19  SCV  
  34  3:21  Banshee  
  34  3:24  SCV  
  34  3:26  Marine  
  39  3:30  Factory Reactor  
  39  3:32  SCV  
  40  3:38  Supply Depot  
  40  3:39  SCV  
  41  3:44  SCV  
  41  3:45  Marine  
  43  3:51  Supply Depot, SCV  
  44  3:57  SCV  
  45  4:03  SCV  
  45  4:05  Raven  
  48  4:10  SCV  
  48  4:13  Factory Tech Lab  
  48  4:15  SCV  
  50  4:22  SCV  
  51  4:26  Command Center  
  51  4:27  SCV  
  51  4:28  Marine x2  
  52  4:33  Supply Depot  
  52  4:34  SCV  
  52  4:36  Siege Tank  
  56  4:40  SCV  
  52  4:46  Marine x2, SCV  
  52  4:52  SCV  
  54  4:58  SCV  
  54  4:59  Supply Depot  
  55  5:03  Marine  
  55  5:04  Marine, SCV  
  58  5:10  SCV  
  56  5:15  Refinery  
  56  5:16  Refinery, SCV  
  56  5:18  Siege Tank  
  60  5:22  SCV  
  60  5:28  SCV  
  57  5:29  Liberator  
  57  5:34  SCV  
  58  5:40  SCV  
  58  5:41  Orbital Command  
  59  5:46  SCV  
  59  5:47  Marine  
  64  5:52  Viking, SCV  
  64  5:54  Supply Depot  
  67  5:57  Supply Depot  
  67  5:59  SCV  
  67  6:04  Marine, SCV  
  67  6:08  Siege Tank  
  67  6:09  SCV  
  67  6:11  SCV  
  74  6:16  SCV  
  75  6:18  Orbital Command  
  75  6:22  Supply Depot  
  75  6:23  Stimpack, SCV  
  76  6:26  Barracks  
  76  6:28  Barracks, SCV  
  76  6:32  Engineering Bay  
  77  6:33  Viking  
  77  6:34  Viking, Marine, Engineering Bay  
  77  6:38  SCV  
  83  6:41  SCV  
  83  6:44  SCV  
  85  6:50  SCV  
  85  6:52  Marine  
  85  6:53  SCV  
  88  6:56  SCV  
  88  7:02  SCV  
  88  7:03  Viking  
  88  7:04  Viking, Terran Infantry Weapons Level 1  
  88  7:05  Terran Infantry Armor Level 1, SCV  
  88  7:08  SCV  
  95  7:09  Siege Tank  
  95  7:10  Marine  
  95  7:14  SCV  
  101  7:17  SCV  
  101  7:18  Barracks Reactor  
  101  7:19  Barracks Reactor  
  101  7:22  SCV  
  102  7:26  SCV  
  102  7:29  Barracks, SCV  
  103  7:31  Barracks  
  103  7:33  Refinery  
  103  7:34  Refinery, SCV  
  103  7:38  SCV  
  103  7:41  SCV, Siege Tank  
  106  7:45  Supply Depot, Marine  
  106  7:46  SCV  
  106  7:47  Sensor Tower  
  106  7:49  Viking  
  106  7:50  SCV  
  111  7:56  Viking  
  111  7:58  SCV  
  113  8:00  SCV  
  113  8:01  Marine x2  
  113  8:02  Marine  
  117  8:06  Marine x2  
  117  8:07  Supply Depot  
  117  8:09  Supply Depot  
  119  8:14  SCV x2  
  119  8:16  Barracks Reactor  
  119  8:18  Barracks Reactor  
  119  8:19  Marine  
  120  8:23  Combat Shield  
  120  8:25  Armory  
  120  8:27  Marine  
  120  8:28  Marine x3  
  120  8:29  Supply Depot  
  120  8:30  Medivac  
  120  8:32  Medivac  
  128  8:37  Marine  
  128  8:40  Supply Depot  
  128  8:41  Siege Tank  
  132  8:45  Marine  
  132  8:46  Marine x3  
  131  8:49  SCV x3  
  131  8:52  Barracks Tech Lab  
  131  8:55  Marine  
  135  9:02  Marine, Barracks Tech Lab  
  133  9:08  Medivac x2  
  122  9:12  Marine x3  
  122  9:13  Marine, Marauder, Siege Tank  
  122  9:14  SCV x2  
  126  9:23  Marine  
  126  9:24  Marauder  
  127  9:30  Marine x2  
  128  9:31  Command Center  
  128  9:37  Marine  
  128  9:38  Marine  
  121  9:41  Marauder  
Tags
 
Add a new tag
Caveats
  • Supply blocks, unpowered buildings, or Contaminate may cause inaccurate times.
  • Supply counts are checked every 10 seconds.